 Dungeon Crawl Stone Soup version 0.19.4-8-ga85b6b9 (webtiles) character file.

113 empire the Conjurer (level 4, -1/24 HPs)
             Began as a Deep Elf Conjurer on Feb 6, 2017.
             Was an Initiate of Sif Muna.
             Slain by a gnoll
             ... wielding a +0 club
              (6 damage)
             ... on level 2 of the Dungeon.
             The game lasted 00:05:42 (2403 turns).

empire the Conjurer (Deep Elf Conjurer)             Turns: 2403, Time: 00:05:43

Health: -1/24      AC:  2    Str: 11    XL:     4   Next: 65%
Magic:  1/12       EV:  9    Int: 20    God:    Sif Muna [......]
Gold:   126        SH:  0    Dex: 20    Spells: 2 memorised, 7 levels left

rFire  . . .     SeeInvis .     a - +0 short sword
rCold  . . .     Gourm    .     g - +0 robe
rNeg   . . .     Faith    .     (no shield)
rPois  .         Spirit   .     (no helmet)
rElec  .         Reflect  .     (no cloak)
rCorr  .         Harm     .     (no gloves)
MR     .....                    (no boots)
Stlth  +++.......               (no amulet)
                                (no ring)
                                (no ring)

@: mighty, agile, held, heavily drained
A: no striking features
a: Renounce Religion


You were on level 2 of the Dungeon.
You worshipped Sif Muna.
Sif Muna was noncommittal.
You were hungry.

You visited 1 branch of the dungeon, and saw 2 of its levels.

You collected 126 gold pieces.

Inventory:

Hand Weapons
 a - a +0 short sword (weapon)
Armour
 g - a +0 robe (worn)
Jewellery
 d - an uncursed amulet of harm
Scrolls
 f - a scroll of recharging {unknown}
 i - 2 scrolls of remove curse
 k - a scroll of amnesia {unknown}
 o - a scroll of enchant armour {unknown}
 q - a scroll of enchant weapon {unknown}
Potions
 e - a potion of flight
 h - a potion of might
 m - a potion of agility
 n - a potion of lignification {unknown}
Books
 b - a book of Conjurations

   Spells                             Type                      Level
   a - Magic Dart                     Conjuration                  1
   b - Searing Ray                    Conjuration                  2
   c - Dazzling Spray                 Conjuration/Hexes            3
   d - Fulminant Prism                Conjuration/Hexes            4
   e - Iskenderun's Mystic Blast      Conjuration                  4
   f - Iskenderun's Battlesphere      Conjuration/Charms           5
Comestibles
 c - 3 bread rations
 j - 6 chunks of flesh
 l - a beef jerky
 p - a meat ration


   Skills:
 - Level 2.4(1.0) Dodging
 - Level 2.4(1.0) Stealth
 + Level 4.4(3.0) Spellcasting
 + Level 5.5(4.0) Conjurations
 + Level 2.4(1.1) Hexes
 + Level 0.2(0.0) Invocations


You had 7 spell levels left.
You knew the following spells:

 Your Spells              Type           Power        Failure   Level  Hunger
a - Magic Dart            Conj           ###.         2%          1    None
b - Dazzling Spray        Conj/Hex       ##....       17%         3    ###....


Dungeon Overview and Level Annotations

Branches:
Dungeon (2/15)

Altars:
Ashenzari
Elyvilon
Qazlal
Sif Muna
Zin


Message History

The gnoll is moderately wounded.
The gnoll hits you but does no damage.
You barely miss the gnoll.
The gnoll is moderately wounded.
The gnoll throws a throwing net.
The throwing net hits you.
You become entangled in the net!
The gnoll hits you with a club!
You struggle against the net.
The gnoll is no longer blind.
You struggle against the net.
The gnoll barely misses you. The gnoll hits you with a club.
Unknown command.
You struggle against the net.
The gnoll hits you with a flail. The gnoll hits you with a club.
* * * LOW HITPOINT WARNING * * *
Unknown command.
Okay, then.
Unknown command.
You feel agile all of a sudden.
You feel very mighty all of a sudden. The gnoll hits you with a club.
You die...

#.#.......#.##
#.##.##.....##..#
#.##.####.####..#
#.##............#
#.###..##.##.##.#
#.# #.###.......#
#.# #.# #######.#
##.# #.# #.#
#@g###.#### ##.#
#g#g......# ##...
#.#.......####.#.#
#.#....>..........
#.#...............
#.#...............
#.#.......#.###.##
#.#..........##...
................


You could see 3 gnolls.

Vanquished Creatures
  A gnoll (D:2)
  4 adders (D:2)
  2 worms (D:2)
  A dart slug (D:1)
  2 leopard geckos
  3 bats
  3 giant cockroaches
  5 goblins
  6 hobgoblins
  2 jackals (D:1)
  6 kobolds
  2 quokkas (D:2)
  A ball python (D:2)
  A frilled lizard (D:1)
  20 rats
59 creatures vanquished.

Notes
Turn   | Place    | Note
-------+----------+-------------------------------------------
     0 | D:1      | empire the Deep Elf Conjurer began the quest for the Orb.
     0 | D:1      | Reached XP level 1. HP: 10/10 MP: 6/6
   203 | D:1      | Reached XP level 2. HP: 15/15 MP: 2/8
   395 | D:1      | Reached skill level 5 in Conjurations
   558 | D:1      | Reached XP level 3. HP: 14/19 MP: 8/10
   596 | D:1      | Learned a level 3 spell: Dazzling Spray
  1308 | D:2      | Reached skill level 1 in Hexes
  1385 | D:2      | Reached XP level 4. HP: 15/24 MP: 7/12
  1585 | D:2      | Found a stormy altar of Qazlal.
  1823 | D:2      | Found a shattered altar of Ashenzari.
  2083 | D:2      | Found a white marble altar of Elyvilon.
  2198 | D:2      | Found a glowing silver altar of Zin.
  2198 | D:2      | Noticed an angel
  2334 | D:2      | Found a deep blue altar of Sif Muna.
  2340 | D:2      | Became a worshipper of Sif Muna the Loreminder
  2403 | D:2      | Slain by a gnoll

Skill      XL: |  1  2  3  4 |
---------------+-------------+-----
Conjurations   | 5 |  5.5
Spellcasting   | 4 |  4.4
Hexes          | 1 2 |  2.4
Dodging        | |  2.4
Stealth        | |  2.4
Invocations    | |  0.2

Action                   |  1- 3 |  4- 6 || total
-------------------------+-------+-------++-------
Melee: Dagger            |     8 |     4 ||    12
       Short sword       |       |     2 ||     2
 Cast: Magic Dart        |    61 |    49 ||   110
       Dazzling Spray    |       |     3 ||     3
  Use: Scroll            |       |     5 ||     5
       Potion            |       |     2 ||     2
  Eat: Chunk             |     1 |     3 ||     4
Armor: Robe              |     3 |     2 ||     5
Dodge: Dodged            |     5 |     9 ||    14
